cohdb
Replays
Latest Replays
All Replays
Popular Replays
Top Player Replays
Match Explorer
How It Works
Community
CoH3 Stats
Reddit
Sign in to upload your games and track your stats! →
Sign in with Steam
close stalemate, ~1100elo
Match 8226728
Overview
Messages
Build Orders
End
Panzergrenadier Squad
Panzergrenadier Squad
Kradschützen Motorcycle Team
Panzergrenadier Squad
Construct Light Support Kompanie
Construct Mechanized Kompanie
Panzerjäger Mechanized Group
8 Rad Armored Car
8 Rad Armored Car
2.5-tonne Medical Truck
Veteran Squad Leaders
Selects Armored Suppot Battlegroup
Selects Vehicle Awareness
Marder III Tank Destroyer
Assault Mechanized Group
Marder III Tank Destroyer
MG34 Team
Tungsten Core Ammunition
Marder III Tank Destroyer
2.5-tonne Medical Truck
254 Reconnaissance Tractor
Selects Panzer Storm
Selects Stuka Anti-tank Loiter
Stuka Anti-tank Loiter
Construct Panzerarmee Kommand
Emergency Repair Kits
Armored Reserves
Stuka Anti-tank Loiter
Selects Veteran Gunners
Selects Flammpanzer III Medium Tank Sd.Kfz. 141
Selects Command Panzer IV F Medium Tank
Tiger Heavy Tank
Advanced Field Repairs
Rapid Advance
Stuka Anti-tank Loiter
Flak 36 Anti-tank Gun Team
Grenade Package
Zuntew...
mor117
0
0
Comments
sign in to comment!
No comments posted yet!